 Dungeon Crawl Stone Soup version 0.31-a0-229-g1fc7ce93e2 (webtiles) character file.

Game seed: 942996760930728095

128 qw the Shooter (level 4, -5/37 HPs)
             Began as a Minotaur Hexslinger on July 6, 2023.
             Killed by nerve-wracking pain
             ... invoked by Grinder
              (13 damage)
             ... while paralysed by Grinder
             ... on level 3 of the Dungeon.
             The game lasted 00:00:39 (1735 turns).

qw the Shooter (Minotaur Hexslinger)                Turns: 1735, Time: 00:00:39

Health: -5/37      AC:  5    Str: 12    XL:     4   Next: 86%
Magic:  4/4        EV:  2    Int: 10    God:
Gold:   129        SH:  0    Dex: 15    Spells: 4/5 levels left

rFire   . . .        Y - +1 sling
rCold   . . .        (no shield)
rNeg    . . .        a - +0 ring mail
rPois   .            (helmet restricted)
rElec   .            (no cloak)
rCorr   .            (no gloves)
SInv    .            (no boots)
Will    .....        (no amulet)
Stlth   +            (no ring)
HPRegen 0.26/turn    (no ring)
MPRegen 0.09/turn

%: no passive effects
@: paralysed, about to teleport
A: horns 2, retaliatory headbutt
a: no special abilities


You were on level 3 of the Dungeon.
You visited 1 branch of the dungeon, and saw 3 of its levels.

You collected 129 gold pieces.


Innate Abilities, Weirdness & Mutations

You have a pair of horns on your head.
You reflexively headbutt those who attack you in melee.


   Skills:
 + Level 2.6 Fighting
 - Level 5.0 Ranged Weapons
 - Level 1.1 Armour
 - Level 2.1 Dodging
 - Level 1.0 Spellcasting
 - Level 2.0 Hexes


You had 4 spell levels left.
You knew the following spells:

 Your Spells              Type           Power      Damage    Failure   Level
a - Slow                  Hex            16%        N/A       34%         1

Your spell library contained the following spells:

 Spells                   Type           Power      Damage    Failure   Level
 Inner Flame              Hex/Fire       2%         N/A       83%         3
 Portal Projectile        Hex/Tloc       4%         N/A       83%         3
 Cause Fear               Hex            2%         N/A       98%         4

Inventory:

Hand Weapons
 Y - a +1 sling (weapon)
Armour
 a - a +0 ring mail (worn)
 h - a +0 cloak
Scrolls
 g - a scroll of identify
 k - a scroll of vulnerability {unknown}
Potions
 c - 2 potions of haste {unknown}
 d - a potion of attraction {unknown}
 e - a potion of mutation {unknown}
 f - a potion of resistance {unknown}
 i - a potion of heal wounds {unknown}
 j - a potion of curing {unknown}

Dungeon Overview and Level Annotations

Branches:
Dungeon (3/15)

Altars:
Cheibriados
Kikubaaqudgha
Wu Jian
Xom

Annotations:
D:3 Grinder


Message History

Grinder blinks!
Grinder blinks!
Grinder blinks!
You shoot a sling bullet.
The sling bullet closely misses Grinder.
You shoot a sling bullet. The sling bullet hits Grinder.
Grinder is moderately wounded.
Grinder blinks!
Grinder hits you!
You shoot a sling bullet.
The sling bullet hits Grinder but does no damage.
Grinder is moderately wounded.
Grinder closely misses you.
You shoot a sling bullet.
The sling bullet closely misses Grinder.
The sling bullet hits the fungus.
The fungus begins to die.
The fungus is lightly damaged.
Grinder hits you.
You shoot a sling bullet.
The sling bullet hits Grinder but does no damage.
Grinder is moderately wounded.
Grinder hits you!
You writhe in agony.
You shoot a sling bullet. The sling bullet hits Grinder.
Grinder is moderately wounded.
A nearby fungus withers and dies.
Grinder gestures at you.
You barely resist. Grinder gestures at you.
You barely resist. You shoot a sling bullet.
The sling bullet hits Grinder but does no damage.
Grinder is moderately wounded.
Grinder hits you.
You writhe in agony.
1734 ||| READING scroll of teleportation.
As you read the scroll of teleportation, it crumbles to dust.
You feel strangely unstable. Grinder gestures at you.
You suddenly lose the ability to move!
Grinder gestures at you. Pain shoots through your body!
You die...

####################
.####...................
...........##..##.......
......5@%..##(.#####.##.
.._.P..##......##.......
....P.. #..#...##.##.##.


.PPPP.. #......##.#..... ....... #.......#.#..... ....... #..###..#.#.####
..##### #.......#.#.# #. .. #..####.#.#.###. ....# #.#....... You could see
Grinder.

Vanquished Creatures
  A scorpion (D:2)
  3 adders
  A worm (D:2)
  A dart slug (D:1)
  An orc (D:3)
  5 bats
  4 endoplasms
  7 goblins
  5 hobgoblins
  3 ball pythons
  2 frilled lizards (D:1)
  3 kobolds
  6 rats
42 creatures vanquished.

Notes
Turn   | Place    | Note
-------+----------+-------------------------------------------
     0 | D:1      | qw the Minotaur Hexslinger began the quest for the Orb.
     0 | D:1      | Reached XP level 1. HP: 16/16 MP: 1/1
     0 | D:1      | 0 ||| qw: Version: 0.3-a-46-gb1f654a
     0 | D:1      | 0 ||| qw: Game counter: 1497
     0 | D:1      | 0 ||| qw: Melee chars always use a shield: true
     0 | D:1      | 0 ||| qw: God list: Okawaru
     0 | D:1      | 0 ||| qw: Allow faded altars: false
     0 | D:1      | 0 ||| qw: Do Orc after clearing Dungeon:15 true
     0 | D:1      | 0 ||| qw: Do second Lair branch before Depths: true
     0 | D:1      | 0 ||| qw: Lair rune preference: random
     0 | D:1      | 0 ||| qw: Goals: Normal
     0 | D:1      | 0 ||| PLANNING D:1-11
    10 | D:1      | 10 ||| DROPPING scroll of poison.
   119 | D:1      | 119 ||| READING scroll labelled IXOUFIPLECS.
   126 | D:1      | Reached skill level 3 in Ranged Weapons
   130 | D:1      | Reached XP level 2. HP: 23/23 MP: 2/2
   233 | D:1      | Found a faded altar of an unknown god.
   539 | D:1      | 539 ||| UPGRADING to +0 ring mail.
   549 | D:1      | 549 ||| DROPPING +0 robe.
   550 | D:1      | 550 ||| READING scroll labelled HABBOL JIXEI.
   551 | D:1      | 551 ||| READING scroll labelled NAOQIL XAFOERPH.
   554 | D:1      | 554 ||| READING scroll labelled MUOCED ZYUNO.
   578 | D:2      | Noticed a scorpion
   582 | D:2      | Killed a scorpion
   583 | D:2      | Reached skill level 4 in Ranged Weapons
   583 | D:2      | Reached XP level 3. HP: 17/29 MP: 3/3
   583 | D:2      | Reached XP level 4. HP: 22/36 MP: 4/4
   687 | D:2      | Reached skill level 1 in Armour
   934 | D:2      | 934 ||| Stepping ~*~*~tactically~*~*~ (water).
   996 | D:2      | Reached skill level 5 in Ranged Weapons
  1025 | D:2      | Found a shimmering altar of Xom.
  1293 | D:2      | 1293 ||| READING scroll labelled FADIRPHI MUASCH.
  1385 | D:3      | Found an ornate altar of the Wu Jian Council.
  1386 | D:3      | Found an ancient bone altar of Kikubaaqudgha.
  1718 | D:3      | Found a snail-covered altar of Cheibriados.
  1720 | D:3      | Noticed Grinder
  1733 | D:3      | HP: 7/37 [Grinder (5)]
  1734 | D:3      | 1734 ||| READING scroll of teleportation.
  1734 | D:3      | Paralysed by Grinder for 5 turns
  1735 | D:3      | Killed from afar by Grinder

Levels and vault maps discovered:
D:1:      scummos_arrival_star, layout_basic,
          shapermc_ecumenical_altar_totnotflames,
          nicolae_concentric_dashed_squares_wild
D:2:      layout_basic, serial_rivers, chequers_serial_rivers_micro_a,
          chequers_serial_rivers_small_b, chequers_serial_rivers_micro_e,
          chequers_serial_rivers_large_a, chequers_serial_rivers_micro_a,
          chequers_serial_rivers_small_3, basic_altar
D:3:      layout_loops_ring, makhleb_altar_promises_db,
          mainiacjoe_overflow_divided_tiny, mainiacjoe_overflow_chevrons,
          chequers_serial_rivers_large_b, reono_crystal_passage, uniq_grinder

Skill      XL: |  1  2  3  4 |
---------------+-------------+-----
Ranged Weapons | 3 4 5 |  5.0
Fighting       | 2 |  2.6
Armour         | 1 |  1.1
Dodging        | |  2.1
Spellcasting   | |  1.0
Hexes          | |  2.0

Action                     |  1- 3 |  4- 6 || total
---------------------------+-------+-------++-------
   Fire: Sling             |    52 |    75 ||   127
    Use: Scroll            |     4 |     2 ||     6
 Armour: Ring mail         |       |    13 ||    13
  Dodge: Dodged            |     7 |    21 ||    28

Table legend:
 A = Non-vault XP
 B = Vault XP
 C = Vault XP percentage of total XP
 D = Non-vault monster count
 E = Vault monster count
 F = Vault count percentage of total count
                 A         B        C        D         E       F
            +---------+---------+-------+---------+---------+-------
      Total |     183 |       0 |   0.0 |      42 |       0 |   0.0
            +---------+---------+-------+---------+---------+-------
        D:1 |      30 |       0 |   0.0 |      19 |       0 |   0.0
        D:2 |     128 |       0 |   0.0 |      15 |       0 |   0.0
        D:3 |      25 |       0 |   0.0 |       8 |       0 |   0.0
            +---------+---------+-------+---------+---------+-------
